 Dungeon Crawl Stone Soup version 0.21-a0-39-g28ea6b7 (webtiles) character file.

162 Duffy the Firebug (level 4, -2/33 HPs)
             Began as a Demigod Fire Elementalist on May 31, 2017.
             Killed by divine providence
             ... invoked by an orc priest
              (12 damage)
             ... on level 3 of the Dungeon.
             The game lasted 00:03:26 (3518 turns).

Duffy the Firebug (Demigod Fire Elementalist)       Turns: 3518, Time: 00:03:27

Health: -2/33      AC:  5    Str: 11    XL:     4   Next: 99%
Magic:  10/10      EV: 12    Int: 21    God:
Gold:   129        SH:  0    Dex: 16    Spells: 4/8 levels left

rFire    . . .     SeeInvis +   q - +0 dagger (speed)
rCold    . . .     Gourm    .   (no shield)
rNeg     . . .     Faith    .   a - +0 robe
rPois    .         Spirit   .   (no helmet)
rElec    .         Reflect  .   (no cloak)
rCorr    .         Harm     .   n - +2 pair of gloves
MR       .....                  (no boots)
Stlth    ++........             (no amulet)
Regen    0.2/turn               e - ring of see invisible
MPRegen  0.2/turn               (no ring)

@: no status effects
A: high mp 1
a: no special abilities


You were on level 3 of the Dungeon.
You were not hungry.

You visited 1 branch of the dungeon, and saw 3 of its levels.

You collected 129 gold pieces.

Inventory:

Hand Weapons
 q - a +0 dagger of speed (weapon)
 s - a +0 blowgun
Armour
 a - a +0 robe (worn)
 n - a +2 pair of gloves (worn)
Jewellery
 e - a ring of see invisible (left hand)
Scrolls
 i - 3 scrolls of identify {unknown}
 j - 2 scrolls of remove curse
 k - a scroll of enchant armour {unknown}
 l - a scroll of fog {unknown}
 p - a scroll of teleportation {unknown}
Potions
 f - a potion of agility {unknown}
 g - a potion of flight {unknown}
 h - a potion of magic {unknown}
 o - a potion of mutation {unknown}
Books
 b - a book of Flames

   Spells                             Type                      Level
   a - Flame Tongue                   Conjuration/Fire             1
   b - Throw Flame                    Conjuration/Fire             2
   c - Conjure Flame                  Conjuration/Fire             3
   d - Inner Flame                    Hexes/Fire                   3
   e - Sticky Flame                   Conjuration/Fire             4
   f - Fireball                       Conjuration/Fire             5
Comestibles
 c - 4 bread rations
 d - 3 chunks of flesh
 m - a meat ration
 r - a royal jelly


   Skills:
 - Level 1.7 Dodging
 - Level 1.7 Stealth
 + Level 2.7 Spellcasting
 * Level 3.2 Conjurations
 + Level 3.5 Fire Magic


You had 4 spell levels left.
You knew the following spells:

 Your Spells              Type           Power        Failure   Level  Hunger
a - Flame Tongue          Conj/Fire      ###..        3%          1    None
l - Conjure Flame         Conj/Fire      ###.....     10%         3    ###....


Dungeon Overview and Level Annotations

Branches:
Dungeon (3/15)


Innate Abilities, Weirdness & Mutations

You have an increased reservoir of magic. (+10% MP)


Message History

Beogh smites you!
Casting: Flame Tongue
Confirm with . or Enter, or press ? or * to list all spells.
You can't see any susceptible monsters within range! (Use Z to cast anyway.)
Casting: Flame Tongue
Confirm with . or Enter, or press ? or * to list all spells.
You can't see any susceptible monsters within range! (Use Z to cast anyway.)
An orc comes into view. It is wielding a club.
Casting: Flame Tongue
Confirm with . or Enter, or press ? or * to list all spells.
You can't see any susceptible monsters within range! (Use Z to cast anyway.)
The kobold shouts!
The orc priest calls down the wrath of Beogh upon you.
Pain shoots through your body! The rat bites you but does no damage.
There is a stone staircase leading up here.
The rat closely misses you.
The orc priest mumbles some strange prayers to Beogh against you.
Beogh smites you!
You die...

#.....(.....# #.<
#.....#####.##### #.#
#.)..## #.....# ##.
#...## #####.# ## #...#
#.## ##### #...#
##..########..... #...#
########............####
#...# ......r..P.P..###
# #...# .......@.K_...#
#. ##### .........P.P.##
#.# .............o# #..
###########.o... ...
###### #.


You could see an orc priest, an orc (wandering), a kobold and a rat.

Vanquished Creatures
  Jessica (D:3)
  3 adders
  2 worms (D:2)
  5 dart slugs
  2 leopard geckos
  4 orcs (D:3)
  A ball python (D:1)
  3 giant cockroaches
  14 goblins
  7 hobgoblins
  6 jackals (D:3)
  9 kobolds
  A quokka (D:2)
  11 bats
  3 frilled lizards
  9 rats
81 creatures vanquished.

Notes
Turn   | Place    | Note
-------+----------+-------------------------------------------
     0 | D:1      | Duffy the Demigod Fire Elementalist began the quest for the Orb.
     0 | D:1      | Reached XP level 1. HP: 14/14 MP: 5/5
    56 | D:1      | Reached skill level 1 in Conjurations
   228 | D:1      | Reached XP level 2. HP: 20/20 MP: 0/7
   666 | D:1      | Reached XP level 3. HP: 25/26 MP: 0/8
   797 | D:1      | Learned a level 3 spell: Conjure Flame
  2325 | D:2      | Reached XP level 4. HP: 33/33 MP: 7/10
  3126 | D:3      | Noticed Jessica
  3131 | D:3      | Killed Jessica
  3509 | D:3      | Found a basalt altar of Yredelemnul.
  3518 | D:3      | Killed from afar by an orc priest

Vault maps used:
D:1:      dpeg_cavernosity, minmay_surrounded
D:2:      roderic_lattice_a
D:3:      first_bread, hex_intersection, yredelemnul_altar_generic, uniq_jessica

Skill      XL: |  1  2  3  4 |
---------------+-------------+-----
Conjurations   | 1 2 3 |  3.2
Fire Magic     | 3 |  3.5
Spellcasting   | 2 |  2.7
Dodging        | |  1.7
Stealth        | |  1.7

Action                   |  1- 3 |  4- 6 || total
-------------------------+-------+-------++-------
 Cast: Flame Tongue      |   108 |    54 ||   162
  Use: Scroll            |     1 |       ||     1
  Eat: Chunk             |     4 |     4 ||     8
Armor: Robe              |     9 |     7 ||    16
Dodge: Dodged            |    32 |    23 ||    55
